 Dungeon Crawl Stone Soup version 0.26-a0-812-g31a745ddcd (webtiles) character file.

Game seed: 17371345697176939016

60 Descartes the Magician (level 3, -7/19 HPs)
             Began as a Deep Elf Air Elementalist on Nov 14, 2020.
             Mangled by Natasha (9 damage)
             ... on level 2 of the Dungeon.
             The game lasted 00:04:27 (1171 turns).

Descartes the Magician (Deep Elf Air Elementalist)  Turns: 1171, Time: 00:04:27

Health: -7/19      AC:  2    Str:  5    XL:     3   Next: 82%
Magic:  7/10       EV: 13    Int: 20    God:
Gold:   51         SH:  0    Dex: 15    Spells: 6/10 levels left

rFire    + . .     SeeInvis .   m - +1 short sword (speed)
rCold    + . .     Faith    .   (no shield)
rNeg     . . .     Spirit   .   a - +0 robe
rPois    .         Reflect  .   (no helmet)
rElec    .         Harm     .   i - scarf {rC+ rF+}
rCorr    .         Rampage  .   (no gloves)
MR       .....                  (no boots)
Stlth    ++........             (no amulet)
HPRegen  0.06/turn              (no ring)
MPRegen  0.12/turn              (no ring)

@: very slightly contaminated
A: no striking features
a: no special abilities


You were on level 2 of the Dungeon.
You visited 1 branch of the dungeon, and saw 2 of its levels.

You collected 51 gold pieces.

Inventory:

Hand Weapons
 m - a +1 short sword of speed (weapon)
Missiles
 c - 21 sling bullets
 d - 15 arrows
 g - 59 stones (quivered)
 k - 4 boomerangs
Armour
 a - a +0 robe (worn)
 i - a scarf of resistance (worn)
Scrolls
 e - a scroll of magic mapping {unknown}
 f - a scroll of remove curse {unknown}
 l - a scroll of blinking {unknown}
Potions
 j - a potion of magic {unknown}
 n - a potion of invisibility {unknown}
 o - a potion of mutation {unknown}
 p - a potion of might {unknown}


   Skills:
 - Level 2.4 Dodging
 - Level 2.4 Stealth
 + Level 4.1 Spellcasting
 + Level 2.5 Conjurations
 + Level 3.6 Air Magic


You had 6 spell levels left.
You knew the following spells:

 Your Spells              Type           Power        Failure   Level
a - Shock                 Conj/Air       ###.         3%          1
b - Static Discharge      Conj/Air       ###.....     11%         3

Your spell library contained the following spells:

 Spells                   Type           Power        Failure   Level
 Swiftness                Air            ###.....     4%          2
 Airstrike                Air            ###.......   28%         4
 Lightning Bolt           Conj/Air       ###.......   69%         5


Dungeon Overview and Level Annotations

Branches:
Dungeon (2/15)

Altars:

Annotations:
D:2 Natasha


Message History

Confirm with . or Enter, or press ? or * to list all spells.
The spell is extremely dangerous to cast (11% risk of failure)!
Continue anyway?
You miscast Static Discharge.
You are very lightly contaminated with residual magic.
You are caught in an explosion of electrical discharges.
* * * LOW HITPOINT WARNING * * *
Natasha closely misses you.
You are too injured to fight recklessly!
You hit Natasha but do no damage.
Natasha is severely wounded.
Natasha completely misses you.
You closely miss Natasha.
Natasha is severely wounded.
You closely miss Natasha.
Natasha is severely wounded.
Natasha barely misses you.
You hit Natasha.
Natasha is severely wounded.
Natasha claws you!
You die...

#...##### #.# ###.##....
#.# #####......#.#
#.###............#
#.##..#..#..#..#.. #
#.##.#..#..#..#..#
####.##.##...#..#..#..#.
......h.....#..#..#..#..
..#.#@#..#..#..#..#..#
#.#...............
..######.#.........#####.
...........>......## ##
.#####.#######...# # #.#
###.# # #.# #.# # #.# #.#
# #.# #.# #


You could see Natasha.

Vanquished Creatures
  Natasha (D:2)
  3 dart slugs
  3 bats
  5 hobgoblins
  4 kobolds (D:1)
  A quokka (D:2)
  2 frilled lizards (D:1)
  4 goblins
  5 rats
28 creatures vanquished.

Notes
Turn   | Place    | Note
-------+----------+-------------------------------------------
     0 | D:1      | Descartes the Deep Elf Air Elementalist began the quest for
                  | the Orb.
     0 | D:1      | Reached XP level 1. HP: 10/10 MP: 6/6
   237 | D:1      | Reached XP level 2. HP: 15/15 MP: 0/8
   935 | D:2      | Reached XP level 3. HP: 19/19 MP: 8/10
  1106 | D:2      | Noticed Natasha
  1118 | D:2      | Killed Natasha
  1118 | D:2      | Reached skill level 4 in Spellcasting
  1131 | D:2      | Learned a level 3 spell: Static Discharge
  1157 | D:2      | Noticed Natasha
  1171 | D:2      | Mangled by Natasha

Illustrated notes

Levels and vault maps discovered:
D:1:      shiori_arrival_maze, layout_basic
D:2:      layout_loops_ring, minmay_misc_feat_square, minmay_liquid_box,
          minmay_misc_feat_diagonals, uniq_natasha

Skill      XL: |  1  2  3 |
---------------+----------+-----
Conjurations   | 2 |  2.5
Spellcasting   | 4 |  4.1
Dodging        | |  2.4
Stealth        | |  2.4
Air Magic      | |  3.6

Action                   || total
-------------------------++-------
Melee: Short sword       ||    20
 Cast: Shock             ||    54
  Use: Potion            ||     2
Dodge: Dodged            ||    14

Table legend: (Time is in decaauts)
 A = Elapsed time spent in this place.
 B = Non-inter-level travel time spent in this place.
 C = Inter-level travel time spent in this place.
 D = Time resting spent in this place.
 E = Time spent auto-exploring this place.
 F = Levels seen in this place.
 G = Mean time per level.
                   A        B        C        D        E       F      G
               +--------+--------+--------+--------+--------+-----+--------+
         Total |   1174 |   1159 |     15 |     33 |    962 |   2 |  587.0 |
       Dungeon |   1174 |   1159 |     15 |     33 |    962 |   2 |  587.0 |
               +--------+--------+--------+--------+--------+-----+--------+

Top non-repeatable levels by time:
     D:1: 926 daAuts
     D:2: 248 daAuts
